 Dungeon Crawl Stone Soup version 0.32-a0-132-g2d33c3cfaf (webtiles) character file.

Game seed: 8322380005522762526

86 Dittersdorf the Covered (level 4, 0/29 HPs)
             Began as a Gargoyle Fighter on Feb 9, 2024.
             Slain by Sigmund
             ... wielding a +0 scythe
              (4 damage)
             ... on level 3 of the Dungeon.
             The game lasted 00:02:45 (1719 turns).

Dittersdorf the Covered (Gargoyle Fighter)          Turns: 1719, Time: 00:02:46

Health: 0/29       AC: 10    Str: 21    XL:     4   Next: 50%
Magic:  4/4        EV:  9    Int:  9    God:
Gold:   89         SH:  4    Dex:  9    Spells: 3/3 levels left

rFire   . . .        a - +0 flail
rCold   . . .        c - +0 buckler
rNeg    + . .        b - +0 scale mail
rPois   ∞            (no helmet)
rElec   +            (no cloak)
rCorr   .            (no gloves)
SInv    .            (no boots)
Will    .....        (no amulet) Stlth
                     (no ring)
HPRegen 0.24/turn    (no ring)
MPRegen 0.09/turn

%: no passive effects
@: no status effects
A: sickness immunity, AC +3, negative energy resistance 1, electricity
resistance, torment resistance 1, petrification resistance
a: no special abilities


You were on level 3 of the Dungeon.
You visited 1 branch of the dungeon, and saw 3 of its levels.

You collected 89 gold pieces.

Inventory:

Hand Weapons
 a - a +0 flail (weapon)
Armour
 b - a +0 scale mail (worn)
 c - a +0 buckler (worn)
Jewellery
 k - a ring of ice
Scrolls
 e - a scroll of revelation {unknown}
 g - 2 scrolls of immolation
 h - 2 scrolls of teleportation {unknown}
 l - a scroll of silence {unknown}
 m - a scroll of identify {unknown}
 o - a scroll of poison {unknown}
Potions
 d - a potion of might
 f - a potion of ambrosia {unknown}
 i - a potion of enlightenment {unknown}
 j - a potion of heal wounds {unknown}
 n - a potion of mutation {unknown}


   Skills:
 + Level 4.0 Fighting
 + Level 2.8 Maces & Flails
 + Level 4.0 Armour
 + Level 4.0 Shields


You had 3 spell levels left.
You didn't know any spells.
Your spell library contained the following spells:

 Spells                   Type           Power      Damage    Failure   Level
 Slow                     Hex            0%         N/A       78%         1
 Confusing Touch          Hex            0%         N/A       98%         3
 Dazzling Flash           Conj/Hex       0%         N/A       98%         3
 Fugue of the Fallen      Necr           0%         N/A       98%         3
 Hailstorm                Conj/Ice       0%         3d5       98%         3
 Ozocubu's Armour         Ice            0%         N/A       98%         3
 Sigil of Binding         Hex            0%         N/A       98%         3
 Summon Ice Beast         Ice/Summ       0%         N/A       98%         3
 Vampiric Draining        Necr           0%         2d6       98%         3
 Volatile Blastmotes      Fire/Tloc      0%         2d10      98%         3
 Manifold Assault         Tloc           0%         N/A       100%        4
 Sculpt Simulacrum        Ice/Alch       0%         N/A       100%        6
 Starburst                Conj/Fire      0%         6d3       100%        6
 Maxwell's Capacitive Co  Air            0%         ∞         100%        8


Dungeon Overview and Level Annotations

Branches:
Dungeon (3/15)

Altars:

Annotations:
D:3 Sigmund


Innate Abilities, Weirdness & Mutations

You are immune to sickness and miasma.
Your stone body is resilient. (AC +3)
You are immune to poison.
You resist negative energy. (rN+)
You are resistant to electric shocks. (rElec)
You are resistant to unholy torment.
You are immune to petrification.


Message History

You are too injured to fight recklessly!
You are too injured to fight recklessly!
You are too injured to fight recklessly!
You are too injured to fight recklessly!
You are too injured to fight recklessly!
You are too injured to fight recklessly!
You are too injured to fight recklessly!
You are too injured to fight recklessly!
You are too injured to fight recklessly!
You completely miss Sigmund.
Sigmund is heavily wounded.
Sigmund barely misses you.
You closely miss Sigmund.
Sigmund is moderately wounded.
Sigmund breathes a few words.
Sigmund's hands start flickering wildly.
Sigmund hits you with a +0 scythe.
* * * LOW HITPOINT WARNING * * *
You barely miss Sigmund.
Sigmund is moderately wounded.
Sigmund casts a spell at you.
You are confused.
You're too confused to move!
Sigmund barely misses you.
You're too confused to move!
You closely miss Sigmund.
Sigmund is moderately wounded.
Sigmund hits you with a +0 scythe.
* * * LOW HITPOINT WARNING * * *
You're too confused to move!
Sigmund points at you and mumbles some strange words.
The magic dart hits you but does no damage.
Sigmund barely misses you.
You bump into the rock wall.
You're too confused to move!
You feel less confused.
Sigmund flickers, as though insubstantial.
Sigmund closely misses you. Sigmund hits you with a +0 scythe.
You die...
Sigmund begins carving another notch in his scythe.

## .## #####+##..
........# ## #####
#......# #. ...#
#......#
#.#####.#####......#
...........<#..@@..#
#.#####.#####..!...#
#.#####.#####.#.##.####
....)................?.
...####.#######..#.####
##....#.#######..# #
####.#..†.......#
#.##########.# #....#
#.#


You could see Sigmund.

Vanquished Creatures
  2 adders
  A ribbon worm (D:2)
  3 dart slugs
  4 orcs (D:2)
  3 endoplasms
  3 giant cockroaches
  4 goblins
  A hobgoblin (D:1)
  2 jackals (D:2)
  6 kobolds
  4 quokkas
  8 ball pythons
  6 bats
  5 frilled lizards
  2 rats (D:1)
54 creatures vanquished.

Notes
Turn   | Place    | Note
-------+----------+-------------------------------------------
     0 | D:1      | Dittersdorf the Gargoyle Fighter began the quest for the
                  | Orb.
     0 | D:1      | Reached XP level 1. HP: 14/14 MP: 1/1
   140 | D:1      | Reached XP level 2. HP: 18/19 MP: 2/2
   328 | D:1      | Found a faded altar of an unknown god.
   461 | D:1      | Reached XP level 3. HP: 22/23 MP: 3/3
  1159 | D:2      | Reached XP level 4. HP: 29/29 MP: 4/4
  1693 | D:3      | Noticed Sigmund
  1719 | D:3      | Slain by Sigmund

Illustrated notes

Levels and vault maps discovered:
D:1:      grunt_arrival_crossed_arrows, layout_loops_ring,
          hellmonk_ecumenical_altar_blasted, serial_bayou_pond_a,
          ebering_dispersal_statue_hall
D:2:      layout_basic
D:3:      layout_basic, trog_wizard, serial_bayou_lagoon_a, uniq_sigmund,
          uniq_crazy_yiuf_cottage, uniq_terence

Skill      XL: |  1  2  3  4 |
---------------+-------------+-----
Fighting       | 4 |  4.0
Armour         | 4 |  4.0
Shields        | 4 |  4.0
Maces & Flails | |  2.8

Action                     |  1- 3 |  4- 6 || total
---------------------------+-------+-------++-------
  Melee: Flail             |   149 |    62 ||   211
 Armour: Scale mail        |   120 |    46 ||   166
  Dodge: Dodged            |    96 |    26 ||   122
  Block: Buckler           |    39 |    14 ||    53

Table legend: (Time is in decaauts)
 A = Elapsed time spent in this place.
 B = Non-inter-level travel time spent in this place.
 C = Inter-level travel time spent in this place.
 D = Time resting spent in this place.
 E = Time spent auto-exploring this place.
 F = Levels seen in this place.
 G = Mean time per level.
                   A        B        C        D        E       F      G
               +--------+--------+--------+--------+--------+-----+--------+
         Total |   1786 |   1719 |     67 |     39 |   1183 |   3 |  595.3 |
       Dungeon |   1786 |   1719 |     67 |     39 |   1183 |   3 |  595.3 |
               +--------+--------+--------+--------+--------+-----+--------+

Top non-repeatable levels by time:
     D:1: 802 daAuts
     D:2: 788 daAuts
     D:3: 196 daAuts
